 Dungeon Crawl Stone Soup version 0.20-a0-984-ge8aa303 (webtiles) character file.

5898 Magifyre the Grappler (level 10, 0/88 HPs)
             Began as a Troll Fighter on Apr 10, 2017.
             Was a Follower of the Shining One.
             Slain by a centaur skeleton (3 damage)
             ... on level 9 of the Dungeon.
             The game lasted 00:16:59 (6413 turns).

Magifyre the Grappler (Troll Fighter)               Turns: 6413, Time: 00:16:59

Health: 0/88       AC:  5    Str: 26    XL:     10   Next: 53%
Magic:  9/9        EV:  8    Int:  4    God:    the Shining One [*.....]
Gold:   565        SH: 17    Dex: 12    Spells: 9/9 levels left

rFire    . . .     SeeInvis .     - Unarmed
rCold    . . .     Gourm    +   J - +0 large shield
rNeg     . . .     Faith    .   I - +0 robe {MR+}
rPois    .         Spirit   .   (helmet restricted)
rElec    .         Reflect  .   (no cloak)
rCorr    +         Harm     .   (gloves unavailable)
MR       +....     Rnd*Tele +   (boots unavailable)
Stlth    +.........             e - amulet of rage
Regen    0.7/turn               v - ring of teleportation (curse)
MPRegen  0.2/turn               C - ring of resist corrosion

@: glowing
A: unfitting armour, claws 3, fast metabolism 3, gourmand, regeneration 1,
shaggy fur 1, tough skin 2
a: Renounce Religion, Evoke Berserk Rage


You were on level 9 of the Dungeon.
You worshipped the Shining One.
The Shining One was aware of your devotion.
You were completely stuffed.

You visited 2 branches of the dungeon, and saw 10 of its levels.

You collected 565 gold pieces.

Inventory:

Hand Weapons
 H - a +0 giant spiked club
Missiles
 g - 2 throwing nets (quivered)
 l - 4 javelins
 u - 14 tomahawks
Armour
 I - a +0 robe of magic resistance (worn)
 J - a +0 large shield (worn)
Jewellery
 e - an amulet of rage (around neck)
 v - a cursed ring of teleportation (left claw)
 C - a ring of resist corrosion (right claw)
Wands
 a - a wand of flame (21/48)
 k - a wand of acid (8/15)
 p - a wand of iceblast (6/15)
 y - a wand of lightning (6/15)
Scrolls
 h - 4 scrolls of remove curse {unknown}
 m - 2 scrolls of fog {unknown}
 n - 2 scrolls of magic mapping {unknown}
 q - 2 scrolls of teleportation {unknown}
 r - 3 scrolls of blinking {unknown}
 w - a scroll of noise {unknown}
 x - a scroll of random uselessness {unknown}
 F - a scroll of enchant weapon {unknown}
 G - a scroll of immolation {unknown}
Potions
 c - 5 potions of might
 i - 3 potions of curing
 o - a potion of haste
 s - a potion of flight
 t - a potion of berserk rage
 z - 2 potions of heal wounds
 B - a potion of lignification {unknown}
 E - 2 potions of brilliance {unknown}
Comestibles
 d - 3 bread rations
 f - 2 meat rations
 j - 6 royal jellies
 A - 10 fruits
 D - 5 chunks of flesh


   Skills:
 - Level 2.4 Fighting
 - Level 2.4 Dodging
 + Level 8.1 Shields
 * Level 12.8 Unarmed Combat


You had 9 spell levels left.
You didn't know any spells.

Dungeon Overview and Level Annotations

Branches:
Dungeon (9/15)             Temple (1/1) D:6
   Lair: D:8-11         Orc: D:9-12

Altars:
Ashenzari
Cheibriados
Dithmenos
Elyvilon
Fedhas
Gozag
Hepliaklqana
Kikubaaqudgha
Makhleb
Nemelex Xobeh
Okawaru
Qazlal
Ru
Sif Muna
Trog
Uskayaw
Vehumet
Wu Jian
Xom
Yredelemnul
Zin
The Shining One

Shops:
D:7 (}


Innate Abilities, Weirdness & Mutations

You are too large for most types of armour.
You have claws for hands.
Your metabolism is lightning-fast.
You like to eat raw meat.
Your natural rate of healing is unusually fast.
You are covered in fur. (AC +1)
You have very tough skin. (AC +2)


Message History

* * * LOW HITPOINT WARNING * * *
The two-headed ogre barely misses you.
You mangle the two-headed ogre!!
You kill the two-headed ogre!
Your Shields skill increases to level 8!
You block the centaur skeleton's attack.
You block the centaur's attack.
You block the centaur skeleton's attack.
You claw the centaur!
The centaur is severely wounded.
You block the centaur's attack.
You block the centaur skeleton's attack.
You block the centaur's attack.
You claw the centaur!
You kill the centaur!
The centaur skeleton hits you.
* * * LOW HITPOINT WARNING * * *
You scratch the centaur skeleton but do no damage.
The centaur skeleton hits you.
You die...

#....#######...........
#....'.....'...........
#....#.....#...........
#....#.....#...........
#....#.....#......#####
#....#.....#......#
#....#.....#...c..'
#....#.)...#......#
#....#@Z...#......#
#.)...(......#
#.....#†.....#
#.....#......#....
#..##.#......#....
#.(##.#####+##.$..
#...#(. #..[. #...#....
...#.... #. #..#
...##....


You could see a centaur skeleton.

Vanquished Creatures
  A two-headed ogre (D:9)
  The ghost of loopi the Fighter, a novice BuWn of Vehumet (D:8)
  Pikel (D:4)
  The ghost of Guenter the Skirmisher, a novice VSWn of Okawaru (D:5)
  A hippogriff (D:9)
  A water moccasin (D:9)
  A black bear (D:9)
  2 sky beasts
  2 phantoms
  6 ogres
  4 centaurs
  A big kobold (D:8)
  6 bullfrogs
  2 scorpions
  8 killer bees
  2 howler monkeys
  3 crimson imps
  A centaur zombie (D:7)
  9 hounds
  5 orc priests
  6 orc wizards
  2 bullfrog skeletons
  2 iguanas
  10 worker ants
  A killer bee zombie (D:6)
  Robin (D:4)
  A howler monkey skeleton (D:9)
  12 adders
  3 oozes
  3 adder zombies
  A dart slug (D:1)
  7 leopard geckos
  25 orcs
  4 bats
  3 giant cockroaches
  16 goblins
  12 hobgoblins
  7 jackals
  4 quokkas
  4 frilled lizards
  15 kobolds
  5 rats
202 creatures vanquished.

Vanquished Creatures (others)
  A worker ant (D:4)
  An adder (D:4)
  A worm (D:4)
  An orc (D:4)
  A frilled lizard (D:4)
5 creatures vanquished.

Grand Total: 207 creatures vanquished

Notes
Turn   | Place    | Note
-------+----------+-------------------------------------------
     0 | D:1      | Magifyre the Troll Fighter began the quest for the Orb.
     0 | D:1      | Reached XP level 1. HP: 22/22 MP: 0/0
    73 | D:1      | Reached XP level 2. HP: 29/29 MP: 1/1
   292 | D:1      | Reached XP level 3. HP: 36/36 MP: 2/2
   809 | D:2      | Found a bloodstained altar of Trog.
   809 | D:2      | Found a snail-covered altar of Cheibriados.
   809 | D:2      | Found a sparkling altar of Nemelex Xobeh.
   809 | D:2      | Found an ornate altar of the Wu Jian Council.
   873 | D:2      | Reached skill level 3 in Unarmed Combat
  1663 | D:3      | Found a hazy altar of Hepliaklqana.
  1683 | D:3      | Reached XP level 4. HP: 44/44 MP: 3/3
  1694 | D:3      | Noticed a centaur
  1709 | D:3      | Killed a centaur
  1709 | D:3      | Reached skill level 4 in Unarmed Combat
  1709 | D:3      | Reached XP level 5. HP: 31/50 MP: 4/4
  1979 | D:4      | Reached skill level 5 in Unarmed Combat
  2018 | D:4      | Reached XP level 6. HP: 55/59 MP: 5/5
  2066 | D:4      | Found a stormy altar of Qazlal.
  2168 | D:4      | Noticed Robin
  2174 | D:4      | Killed Robin
  2237 | D:4      | Reached skill level 6 in Unarmed Combat
  2242 | D:4      | Noticed Pikel
  2242 | D:4      | Noticed a slave
  2243 | D:4      | Noticed a slave
  2243 | D:4      | Noticed a slave
  2244 | D:4      | Noticed a slave
  2250 | D:4      | Killed Pikel
  2250 | D:4      | Reached skill level 7 in Unarmed Combat
  2250 | D:4      | Reached XP level 7. HP: 51/66 MP: 6/6
  2480 | D:5      | Entered Level 5 of the Dungeon
  2742 | D:5      | Reached skill level 5 in Shields
  2750 | D:5      | Noticed Guenter's ghost (novice VSWn)
  2750 | D:5      | Reached skill level 8 in Unarmed Combat
  2750 | D:5      | Reached XP level 8. HP: 69/74 MP: 7/7
  2759 | D:5      | Killed Guenter's ghost
  3064 | D:5      | Found a bloodstained altar of Trog.
  3130 | D:5      | Reached skill level 9 in Unarmed Combat
  3334 | D:6      | Found a staircase to the Ecumenical Temple.
  3445 | D:6      | Found a deep blue altar of Sif Muna.
  3523 | D:6      | Reached XP level 9. HP: 77/80 MP: 8/8
  3566 | D:6      | Reached skill level 10 in Unarmed Combat
  4068 | Temple   | Entered the Ecumenical Temple
  4077 | Temple   | Became a worshipper of the Shining One
  4507 | D:7      | Found Baovuapn's Gadget Emporium.
  4679 | D:7      | Found Xunanturch's Antique Weapon Boutique.
  4698 | D:7      | Reached skill level 11 in Unarmed Combat
  5313 | D:8      | Noticed loopi's ghost (novice BuWn)
  5323 | D:8      | Killed loopi's ghost
  5323 | D:8      | Reached * piety under the Shining One
  5323 | D:8      | Reached XP level 10. HP: 53/88 MP: 9/9
  5575 | D:8      | Found a blossoming altar of Fedhas.
  5934 | D:9      | Reached skill level 12 in Unarmed Combat
  6072 | D:9      | Noticed a two-headed ogre
  6409 | D:9      | HP: 4/88 [two-headed ogre/giant club (12)]
  6410 | D:9      | Killed a two-headed ogre
  6413 | D:9      | Slain by a centaur skeleton

Vault maps used:
D:1:      elethiomel_arrival_fortress_basement, roderic_serpentine_path,
          minmay_tromino_v2
D:2:      chequers_temple_overflow_statue_of_worship
D:3:      nicolae_overflow_crystal_walls
D:4:      grunt_qazlal_sundering, first_bread, uniq_pikel, uniq_robin
D:5:      trog_hazing_becter
D:6:      minmay_temple_entry_glass, basic_altar, grunt_ministairs_2
D:7:      serial_shops, shop, shop
D:8:      fedhas_altar_fruit_tree
Temple:   eino_wide_crystal_templ

Skill      XL: |  1  2  3  4  5  6  7  8  9 10 |
---------------+-------------------------------+-----
Shields        | 3 4 5 6 7 8 |  8.1
Unarmed Combat | 3 4 5 7 8 9 11 12 | 12.8
Fighting       | |  2.4
Dodging        | |  2.4

Action                   |  1- 3 |  4- 6 |  7- 9 | 10-12 || total
-------------------------+-------+-------+-------+-------++-------
Melee: Unarmed           |   111 |    99 |   281 |    82 ||   573
  Use: Scroll            |       |       |     7 |       ||     7
 Stab: Sleeping          |     2 |       |     1 |       ||     3
  Eat: Chunk             |    21 |     5 |    28 |    10 ||    64
Armor: Robe              |    29 |    16 |    37 |    13 ||    95
Dodge: Dodged            |    34 |    26 |    58 |    29 ||   147
Block: Shield            |    36 |    35 |   107 |    21 ||   199
       Large shield      |       |       |       |    25 ||    25
